 Dungeon Crawl Stone Soup version 0.21.1 (webtiles) character file.

509556 SaintRoka the Sorcerer (level 24, -19/108 HPs)
             Began as a Spriggan Earth Elementalist on Feb 4, 2018.
             Was the Champion of Vehumet.
             Demolished by an azure jelly (37 damage)
             ... created by the Royal Jelly
             ... on level 4 of the Pits of Slime on Feb 5, 2018.
             The game lasted 09:22:08 (54055 turns).

SaintRoka the Sorcerer (SpEE)                      Turns: 54055, Time: 09:22:09

Health: -19/108    AC: 20    Str:  4    XL:     24   Next: 28%
Magic:  49/75      EV: 33    Int: 25    God:    Vehumet [******]
Gold:   1482       SH:  0    Dex: 19    Spells: 5/70 levels left

rFire    . . .     SeeInvis +   C - staff of power
rCold    . . .     Gourm    .   (shield currently unavailable)
rNeg     . . .     Faith    .   m - +2 robe {Archmagi}
rPois    .         Spirit   .   S - +2 hat
rElec    .         Reflect  .   O - +2 cloak
rCorr    +         Harm     .   (gloves unavailable)
MR       +++++     Rnd*Rage +   (boots unavailable)
Stlth    +++++++...             w - amulet of magic regeneration
HPRegen  0.28/turn              L - ring of resist corrosion
MPRegen  0.69/turn              B - ring of magical power {=R}

@: icy armour, deflect missiles, very quick
A: very small, unfitting armour, see invisible, berserk 1, herbivore, speed 3,
frail 1, magic resistance 1, slow metabolism 2, MP-powered wands
}: 2/15 runes: decaying, serpentine
a: Renounce Religion


You were on level 4 of the Pits of Slime.
You worshipped Vehumet.
Vehumet was exalted by your worship.
You were not hungry.

You visited 10 branches of the dungeon, and saw 49 of its levels.
You also visited: Labyrinth, Ice Cave and Volcano.

You collected 5947 gold pieces.
You spent 4465 gold pieces at shops.

Inventory:

Hand Weapons
 u - a +1 dagger of speed
Missiles
 A - 489 stones (quivered)
 Q - 3 throwing nets
Armour
 e - a +2 robe of cold resistance
 g - a +2 robe of fire resistance
 m - a +2 robe of the Archmagi (worn)
 O - a +2 cloak (worn)
 S - a +2 hat (worn)
Magical Staves
 i - an uncursed staff of earth
 v - an uncursed staff of wizardry
 C - an uncursed staff of power (weapon)
Jewellery
 k - an uncursed ring of wizardry
 w - an amulet of magic regeneration (around neck)
 y - an uncursed ring of protection from fire
 B - a ring of magical power (right hand) {=R}
 L - a ring of resist corrosion (left hand)
 M - a cursed ring of teleportation
 P - the ring of Qefupot {+Blink +Fly}
   (You took it off an efreet on level 15 of the Dungeon)

   [ring of flight]

   It lets you fly.
   It lets you blink.
 V - an uncursed ring of magical power
 W - the ring "Niackof" {+Fly rElec rPois MP-9 Int+6}
   (You took it off a minotaur in a labyrinth)

   [ring of intelligence]

   It affects your intelligence (+6).
   It insulates you from electricity.
   It protects you from poison.
   It affects your magic capacity (-9).
   It lets you fly.
 Y - an uncursed ring of protection from cold
Wands
 K - a wand of digging (48)
Scrolls
 b - 17 scrolls of remove curse
 h - 23 scrolls of teleportation
 n - 2 scrolls of summoning
 p - 3 scrolls of immolation
 q - 5 scrolls of vulnerability
 t - 6 scrolls of fear
 E - 6 scrolls of fog
 R - 5 scrolls of magic mapping
 U - 5 scrolls of identify
 X - a scroll of holy word
 Z - 2 scrolls of blinking
Potions
 l - 6 potions of resistance
 o - 4 potions of haste
 s - 4 potions of brilliance
 x - 13 potions of curing
 z - 4 potions of ambrosia
 D - 4 potions of lignification
 G - 2 potions of invisibility
 H - 6 potions of cancellation
 I - 4 potions of heal wounds
 T - 3 potions of agility
Comestibles
 d - 49 rations


   Skills:
 - Level 10.3 Fighting
 - Level 16.6 Dodging
 - Level 17.6 Stealth
 + Level 23.9 Spellcasting
 - Level 10.0 Conjurations
 - Level 13.0 Charms
 - Level 6.4 Necromancy
 - Level 4.0 Translocations
 - Level 4.1 Transmutations
 - Level 7.1 Air Magic
 * Level 23.6 Earth Magic
 - Level 5.2 Poison Magic


You had 5 spell levels left.
You knew the following spells:

 Your Spells              Type           Power        Failure   Level  Hunger
a - Apportation           Tloc           ######       1%          1    None
b - Passwall              Tmut/Erth      #######...   0%          2    None
c - Stone Arrow           Conj/Erth      ######       0%          3    None
d - Petrify               Tmut/Erth      #######.     1%          4    None
e - Lee's Rapid Deconstr  Erth           ########..   0%          5    None
f - Iron Shot             Conj/Erth      ########..   1%          6    None
g - Iskenderun's Battles  Conj/Chrm      #######.     1%          5    None
h - Borgnjor's Vile Clut  Necr/Erth      ########..   1%          5    None
i - Shatter               Erth           ########..   2%          9    ######.
j - Deflect Missiles      Chrm/Air       #######...   2%          6    None
k - Blink                 Tloc           N/A          1%          2    None
l - Passage of Golubria   Tloc           N/A          2%          4    None
m - Ozocubu's Armour      Chrm/Ice       #######.     1%          3    None
n - Poison Arrow          Conj/Pois      #######...   2%          6    None
o - Summon Butterflies    Summ           #####...     1%          1    None
r - Regeneration          Chrm/Necr      #######...   1%          3    None


Dungeon Overview and Level Annotations

Branches:
Dungeon (15/15)            Temple (1/1) D:5            Lair (6/6) D:10
  Swamp (4/4) Lair:2        Snake (4/4) Lair:2        Slime (5/5) Lair:5
    Orc (2/2) D:10            Elf (3/3) Orc:2        Vaults (4/5) D:14
  Crypt (0/3) Vaults:3     Depths (5/5) D:15            Zot (0/5) Depths:5

Altars:
Ashenzari
Cheibriados
Dithmenos
Elyvilon
Fedhas
Gozag
Hepliaklqana
Kikubaaqudgha
Makhleb
Nemelex Xobeh
Okawaru
Qazlal
Ru
Sif Muna
Trog
Uskayaw
Vehumet
Wu Jian
Xom
Yredelemnul
Zin
The Shining One
Beogh
Jiyva

Shops:
D:8 *   D:10 (:*:(   Orc:2 :[:!   Elf:2 :   Vaults:3 *   Vaults:4 =!*!(
Depths:1 =}=

Portals:
Hell: Depths:1 Depths:2 Depths:3 Depths:4 Depths:5
Abyss: Depths:2 Depths:4
Pandemonium: Depths:1 Depths:3
Ziggurat: Depths:3

Annotations:
D:4 Dowan, Duvessa
D:9 pstr's ghost, novice NaEE
D:10 2 runed doors
Lair:1 exclusion: oklob plant
Lair:2 exclusion: downstairs
Lair:4 1 runed door, exclusion: 4 death yaks
Lair:6 Josephine
Swamp:1 exclusion: 2 hogs
Swamp:3 exclusion: Roxanne, Roxanne
Snake:2 exclusions: downstairs and 1 more exclusion
Slime:5 Royal Jelly
Elf:2 4 runed doors
Depths:3 1 exclusion


Innate Abilities, Weirdness & Mutations

You are very small and have problems with some larger weapons.
You are too small for most types of armour.
You have supernaturally acute eyesight. (SInv)
You are a herbivore.
You cover ground extremely quickly.
You need consume almost no food.
You tend to lose your temper in combat.
You are frail. (-10% HP)
You are resistant to hostile enchantments. (MR+)
You expend magic power (3 MP) to strengthen your wands.


Message History

You feel much better.
You are splashed with acid!
The walls burn you! You resist.
* * * LOW HITPOINT WARNING * * *
You regained 13 hp, and now have 16/108 hp.
Unknown command.
You feel a surge of power!
You blink.
You now have 53/75 mp.
Unknown command.
Aim: an azure jelly You feel a surge of power!
The iron shot hits the azure jelly.
You now have 51/75 mp.
You feel a surge of power!
You blink.
You now have 52/75 mp.
Unknown command.
Aim: an azure jelly (heavily wounded)
You feel a surge of power!
The iron shot misses the azure jelly.
The azure jelly hits you.
* * * LOW HITPOINT WARNING * * *
The azure jelly freezes you!!!
You die...

##......#...#.##
#..............#
##..............##
#................##
###................#
#.#...............##
##..................#
###...................#
##.........@...........#
#..........J...........#
#..........<.........##
##..................##
#.#.........>........#
......................#
##....................#
##...................#
#....................#


You could see an azure jelly.

Vanquished Creatures
  Mara (Vaults:3)
  A juggernaut (Depths:2)
  Boris (Depths:5)
  The ghost of zhorgal the Omniscient, a veteran GnNe of Ashenzari (Slime:3)
  Saint Roka (Orc:2)
  2 caustic shrikes
  2 bone dragons
  A tentacled monstrosity (Depths:4)
  The ghost of letownia3 the Sensei, an adept DsWz of Gozag (Elf:3)
  A quicksilver dragon (Depths:2)
  Rupert (Lair:3)
  2 deep elf blademasters (Elf:3)
  5 liches
  21 acid blobs
  2 deep elf master archers (Elf:3)
  3 shadow dragons
  A sphinx (Depths:2)
  Agnes (D:15)
  Donald (Orc:2)
  2 thorn hunters
  3 tengu reavers
  2 storm dragons
  5 nagarajas (Snake:4)
  8 fire giants
  11 azure jellies
  A revenant (Vaults:3)
  2 frost giants
  2 deep elf sorcerers (Elf:3)
  Aizul (Elf:3)
  An iron dragon (Depths:4)
  6 deep elf elementalists
  2 orc warlords (Vaults:4)
  A curse skull (Depths:3)
  13 vault wardens
  A draconian annihilator (Depths:5)
  A draconian shifter (Depths:5)
  12 ironheart preservers
  A spriggan defender (Depths:4)
  4 caustic shrike skeletons (Depths:3)
  11 stone giants
  24 very ugly things
  An entropy weaver (Vaults:4)
  4 deep elf demonologists (Elf:3)
  6 deep elf annihilators (Elf:3)
  2 juggernaut skeletons (Depths:3)
  Azrael (D:15)
  4 vampire knights (Depths:4)
  Nessos (D:15)
  A white draconian (Depths:5)
  A red draconian (Depths:5)
  2 green draconians (Depths:5)
  A yellow draconian (Depths:5)
  2 purple draconians (Depths:5)
  A spark wasp (Depths:2)
  A blizzard demon (Depths:1)
  A minotaur (Lab)
  8 fire dragons
  A merfolk impaler (Depths:3)
  A death ooze (Slime:5)
  2 deep elf death magi
  20 ogre magi
  16 ettins
  3 deep elf high priests
  13 great orbs of eyes
  12 ice dragons
  Harold (Lair:2)
  8 yaktaur captains
  14 vault guards
  2 ghost crabs (Swamp:4)
  5 rakshasas
  10 hydras
  A spriggan air mage (Depths:5)
  9 anacondas
  8 naga warriors
  A catoblepas (D:14)
  11 alligators
  6 deep troll shamans
  12 centaur warriors
  2 death knights (Vaults:2)
  60 two-headed ogres
  12 dancing weapons
  6 shock serpents
  2 death yaks (Lair:3)
  3 spriggan berserkers
  7 tengu warriors
  6 deep troll earth magi
  2 vampire magi
  14 naga sharpshooters
  A small abomination (Elf:3)
  4 orc high priests (Orc:2)
  17 deep elf knights
  11 hell knights
  4 titan skeletons (Depths:3)
  18 skeletal warriors
  A fire crab (D:15)
  2 salamander mystics
  2 storm dragon skeletons (Depths:3)
  2 iron trolls
  2 unseen horrors (shapeshifter)
  A sea snake (Snake:1)
  A sea snake (shapeshifter) (Depths:4)
  2 shadow wraiths
  3 glowing orange brains (Depths:2)
  A death drake (shapeshifter) (Depths:1)
  A spriggan druid (Swamp:4)
  An infernal demonspawn (Depths:1)
  2 unseen horrors
  23 deep trolls
  A swamp dragon (Swamp:3)
  An obsidian statue (D:10)
  5 naga ritualists
  14 deep elf archers
  A death drake (Swamp:4)
  A shambling mangrove (Swamp:1)
  3 flayed ghosts
  8 necromancers
  A golden dragon skeleton (Depths:3)
  10 ironbrand convokers
  17 orc knights
  40 deep elf magi
  2 phantasmal warriors (Swamp:4)
  4 mana vipers
  10 salamanders
  3 tengu skeletons (Depths:3)
  8 orc sorcerers
  A shadow dragon skeleton (Depths:3)
  4 shining eyes
  47 ugly things
  11 cyclopes
  4 frost giant skeletons (Depths:3)
  4 wolf spiders
  A manticore (shapeshifter) (Vaults:3)
  An iron dragon skeleton (Depths:3)
  4 manticores
  4 elephants
  35 black mambas
  A centaur zombie (D:14)
  2 guardian serpents
  A rust devil (Depths:1)
  3 fire giant skeletons (Depths:3)
  7 naga magi
  14 vault sentinels
  An ice statue (IceCv)
  5 centaur skeletons
  2 gargoyles
  A torpor snail (shapeshifter) (Vaults:3)
  5 eyes of devastation
  21 spiny frogs
  5 spectral swamp worms (Depths:1)
  A human zombie (Vaults:1)
  3 rime drakes
  2 swamp worm zombies (Swamp:4)
  3 kobold demonologists (D:15)
  A rime drake (shapeshifter) (Depths:3)
  4 komodo dragons
  9 tengu conjurers
  An efreet (D:15)
  6 freezing wraiths
  44 yaktaurs
  6 hydra zombies (Swamp:4)
  8 trolls
  A queen bee (Lair:2)
  A wind drake (shapeshifter) (Elf:3)
  11 polar bears (IceCv)
  2 jumping spiders (Vaults:4)
  A jumping spider (shapeshifter) (Depths:3)
  6 alligator zombies (Swamp:4)
  8 tyrant leeches
  4 spectral swamp dragons (Swamp:4)
  A polar bear (shapeshifter) (Depths:4)
  A meliai zombie (D:14)
  9 hornets
  23 blink frogs
  9 bog bodies
  A sphinx simulacrum (Vaults:1)
  A human simulacrum (Vaults:1)
  98 slime creatures
  7 hippogriffs
  7 dream sheep (Lair:5)
  7 flying skulls
  5 air elementals
  A centaur simulacrum (D:14)
  2 shadows
  12 wraiths
  3 vampires
  A ynoxinul (Depths:1)
  5 redbacks
  5 spriggans
  12 water elementals
  A human (shapeshifter) (Depths:5)
  A yak (shapeshifter) (Vaults:4)
  12 wyverns
  2 basilisks
  6 fire elementals
  3 elf skeletons (Depths:3)
  56 yaks
  A golden eye (shapeshifter) (Depths:5)
  A hungry ghost (D:8)
  21 golden eyes
  6 vampire mosquitoes
  20 humans
  18 wargs
  16 insubstantial wisps (Swamp:4)
  55 nagas
  20 swamp worms
  2 nagas (shapeshifter)
  2 soldier ants (shapeshifter)
  2 acid dragons
  4 soldier ants
  20 water moccasins
  7 porcupines
  3 floating eyes
  5 hell hounds (D:15)
  5 sky beasts
  A black bear (shapeshifter) (Depths:4)
  6 swamp drakes
  49 orc warriors
  4 eyes of draining
  9 ice beasts
  44 ogres
  A black bear (D:10)
  14 boggarts
  A necrophage (D:5)
  5 phantoms (Swamp:4)
  17 wolves
  A swamp dragon zombie (Swamp:4)
  11 centaurs
  10 crocodiles
  5 big kobolds
  23 bullfrogs
  An elf simulacrum (Vaults:1)
  A wyvern zombie (D:10)
  3 earth elementals
  A human skeleton (Vaults:1)
  A water moccasin zombie (D:10)
  3 scorpions
  22 killer bees (Lair:2)
  9 wights
  A spriggan skeleton (Lab)
  A howler monkey (D:12)
  7 electric eels
  8 crimson imps
  A quasit (D:8)
  A bullfrog zombie (D:11)
  8 hounds
  36 orc priests
  3 bullfrog skeletons
  A jelly (D:9)
  An iron imp (Depths:3)
  2 iguanas
  28 orc wizards
  2 hell rats (Lair:6)
  2 spectral swamp drakes (Swamp:4)
  10 worker ants
  2 hound skeletons
  A worker ant zombie (D:8)
  2 swamp drake zombies (Swamp:4)
  10 adders
  4 river rats
  2 oozes
  A worm (D:2)
  2 dart slugs
  2 leopard geckos
  111 orcs
  7 giant cockroaches
  8 goblins
  5 hobgoblins
  6 jackals
  9 quokkas
  A ball python (D:1)
  2 bats (D:1)
  2 frilled lizards
  A giant cockroach zombie (D:5)
  17 kobolds
  A leopard gecko skeleton (D:9)
  A quokka zombie (D:5)
  9 rats
  2 crawling corpses (Elf:3)
  A fungus (Lair:6)
2066 creatures vanquished.

Vanquished Creatures (collateral kills)
  3 killer bees (Lair:2)
3 creatures vanquished.

Vanquished Creatures (others)
  A water elemental (Elf:3)
  An orc (Vaults:4)
  6 fungi
  11 plants
19 creatures vanquished.

Grand Total: 2088 creatures vanquished

Notes
Turn   | Place    | Note
-------+----------+-------------------------------------------
     0 | D:1      | SaintRoka the Spriggan Earth Elementalist began the quest for the Orb.
     0 | D:1      | Reached XP level 1. HP: 9/9 MP: 5/5
   101 | D:1      | Reached XP level 2. HP: 13/13 MP: 3/6
   109 | D:1      | Learned a level 2 spell: Passwall
   268 | D:2      | Found a glowing silver altar of Zin.
   481 | D:3      | Reached skill level 5 in Stealth
   595 | D:3      | Reached XP level 3. HP: 16/16 MP: 0/8
   760 | D:4      | Noticed Duvessa
   761 | D:4      | Noticed Dowan
   859 | D:3      | Learned a level 3 spell: Stone Arrow
  1433 | D:3      | Reached XP level 4. HP: 17/21 MP: 9/9
  1749 | D:5      | Entered Level 5 of the Dungeon
  1766 | D:5      | Found a white marble altar of Elyvilon.
  1769 | D:5      | Found a sparkling altar of Nemelex Xobeh.
  1783 | D:5      | Noticed a bullfrog
  1848 | D:5      | Killed a bullfrog
  1848 | D:5      | Reached XP level 5. HP: 24/24 MP: 10/10
  1871 | D:5      | Noticed an ice beast
  1982 | D:5      | Found a staircase to the Ecumenical Temple.
  1982 | D:5      | Noticed an ogre
  2014 | D:5      | Killed an ogre
  2014 | D:5      | Reached XP level 6. HP: 28/28 MP: 5/11
  2019 | D:5      | Noticed a two-headed ogre
  2054 | D:5      | Killed a two-headed ogre
  2054 | D:5      | Reached skill level 5 in Earth Magic
  2054 | D:5      | Reached XP level 7. HP: 17/32 MP: 8/12
  2069 | Temple   | Entered the Ecumenical Temple
  2167 | D:5      | Reached XP level 8. HP: 20/36 MP: 13/13
  2314 | D:4      | Found a sacrificial altar of Ru.
  2590 | D:5      | Found a bloodstained altar of Trog.
  2590 | D:5      | Found a hazy altar of Hepliaklqana.
  2631 | D:5      | Learned a level 4 spell: Petrify
  2747 | D:6      | Reached skill level 1 in Conjurations
  2800 | D:6      | Found a shattered altar of Ashenzari.
  2910 | D:6      | Found a sparkling altar of Nemelex Xobeh.
  3164 | D:6      | Reached skill level 5 in Dodging
  3164 | D:6      | Reached XP level 9. HP: 33/39 MP: 7/14
  3602 | D:7      | Found a radiant altar of Vehumet.
  4005 | D:7      | Got a pitted flail
  4044 | D:7      | Identified the +5 flail of Certain Death {crush, rF- Str+4 Dex+6 SInv} (You found it on level 7 of the Dungeon)
  4126 | D:8      | Learned a level 5 spell: Lee's Rapid Deconstruction
  4147 | D:8      | Found a shadowy altar of Dithmenos.
  4201 | D:7      | Became a worshipper of Vehumet
  4245 | D:8      | Noticed a two-headed ogre
  4267 | D:8      | Killed a two-headed ogre
  4318 | D:8      | Reached skill level 5 in Spellcasting
  4338 | D:8      | Found Kayffeq's General Store.
  4348 | D:8      | Bought a scroll of teleportation for 42 gold pieces
  4362 | D:8      | Noticed a two-headed ogre
  4530 | D:8      | Killed a two-headed ogre
  4530 | D:8      | Reached XP level 10. HP: 44/44 MP: 19/19
  4687 | D:8      | Noticed a two-headed ogre
  4713 | D:8      | Killed a two-headed ogre
  4796 | D:9      | Found a hide-covered altar of Uskayaw.
  4810 | D:9      | Noticed pstr's ghost (novice NaEE)
  4900 | D:9      | Found a snail-covered altar of Cheibriados.
  4997 | D:9      | Reached * piety under Vehumet
  4997 | D:9      | Offered knowledge of Magic Dart by Vehumet.
  5173 | D:9      | Found a shadowy altar of Dithmenos.
  5224 | D:9      | Found a deep blue altar of Sif Muna.
  5402 | D:10     | Entered Level 10 of the Dungeon
  5409 | D:10     | Noticed an obsidian statue
  5588 | D:10     | Found Taydur's Book Shoppe.
  5634 | D:10     | Found Momoh's Weapon Boutique.
  5710 | D:10     | Found Lebeiwen's Book Shop.
  5761 | D:10     | Found Sesamoot's General Store.
  5763 | D:10     | Found a staircase to the Orcish Mines.
  5769 | D:10     | Bought a potion of heal wounds for 70 gold pieces
  5949 | D:10     | Found Oneirghe's Weapon Shop.
  5972 | D:10     | Reached skill level 10 in Dodging
  6002 | D:10     | Found a staircase to the Lair.
  6068 | D:10     | Reached ** piety under Vehumet
  6068 | D:10     | Reached skill level 5 in Conjurations
  6149 | D:11     | Offered knowledge of Sting by Vehumet.
  6202 | D:11     | Reached XP level 11. HP: 47/47 MP: 20/23
  6990 | D:12     | Noticed a two-headed ogre
  7002 | D:12     | Killed a two-headed ogre
  7067 | D:12     | Offered knowledge of Throw Frost by Vehumet.
  7439 | D:13     | Noticed a deep elf mage
  7998 | D:10     | Found a large runed door.
  7998 | D:10     | Noticed a death knight
  7999 | D:10     | Found a large runed door.
  8142 | Lair:1   | Entered Level 1 of the Lair of Beasts
  8173 | Lair:1   | Reached *** piety under Vehumet
  8297 | Lair:1   | Noticed an oklob plant
  8622 | Lair:1   | Found a frozen archway.
  8627 | Lair:1   | Offered knowledge of Throw Icicle by Vehumet.
  8636 | IceCv    | Entered an ice cave
  8884 | IceCv    | Reached XP level 12. HP: 51/51 MP: 26/26
  8925 | IceCv    | Reached skill level 10 in Spellcasting
  8925 | IceCv    | Reached skill level 10 in Earth Magic
  9129 | IceCv    | Reached **** piety under Vehumet
  9988 | IceCv    | Noticed a death yak
 10043 | IceCv    | Offered knowledge of Static Discharge by Vehumet.
 10396 | IceCv    | Noticed a death yak
 10396 | IceCv    | Noticed a frost giant
 10535 | Lair:2   | Noticed Harold
 10553 | Lair:2   | Killed Harold
 10669 | Lair:2   | Found a staircase to the Snake Pit.
 10995 | Lair:2   | Reached skill level 1 in Fighting
 11575 | Lair:2   | Reached ***** piety under Vehumet
 11588 | Lair:2   | Offered knowledge of Fireball by Vehumet.
 11697 | Lair:3   | Noticed a death yak
 11697 | Lair:3   | Noticed a death yak
 11697 | Lair:3   | Noticed a death yak
 11697 | Lair:3   | Noticed a death yak
 11697 | Lair:3   | Noticed a death yak
 11825 | Lair:3   | Noticed a death yak
 12044 | Lair:3   | Found a dark tunnel.
 12049 | Volcano  | Entered a volcano
 12078 | Volcano  | Reached XP level 13. HP: 60/60 MP: 29/29
 12483 | Lair:3   | Noticed Rupert
 12698 | Lair:3   | Killed Rupert
 12870 | Lair:4   | Found a runed door.
 13099 | Lair:4   | Found a labyrinth entrance.
 13108 | Lab      | Entered a labyrinth
 13384 | Lab      | Noticed a minotaur
 13388 | Lab      | Killed a minotaur
 13394 | Lab      | Got a smoking lapis lazuli ring
 13397 | Lab      | Identified the ring "Niackof" {+Fly rElec rPois MP-9 Int+6} (You took it off a minotaur in a labyrinth)
 13407 | Lab      | Got a smoking demon blade
 13407 | Lab      | Got diamond-encrusted fire dragon scales
 13408 | Lab      | Identified the +5 demon blade of Immorality {drain, Dex+2} (You found it in a labyrinth)
 13420 | Lab      | Identified the +5 fire dragon scales of Existentialism {rF++ rC- Dex+4} (You found it in a labyrinth)
 13421 | Lab      | Got a clouded granite ring
 13423 | Lab      | Identified the cursed ring of Mupuino {rN++ Str-3 Dex-2} (You found it in a labyrinth)
 13643 | Lair:4   | Reached skill level 5 in Fighting
 13922 | Lair:5   | Found a staircase to the Slime Pits.
 14243 | Lair:5   | Reached skill level 15 in Dodging
 14528 | Lair:6   | Entered Level 6 of the Lair of Beasts
 14624 | Lair:6   | Noticed Josephine
 14842 | Lair:6   | Offered knowledge of Iron Shot by Vehumet.
 14856 | Lair:6   | Learned a level 6 spell: Iron Shot
 15156 | Lair:6   | Reached XP level 14. HP: 70/70 MP: 31/31
 16440 | Orc:1    | Entered Level 1 of the Orcish Mines
 17001 | Orc:2    | Entered Level 2 of the Orcish Mines
 17084 | Orc:2    | Noticed Donald
 17198 | Orc:2    | Reached ****** piety under Vehumet
 17404 | Orc:2    | Killed Donald
 17604 | Orc:2    | Found a roughly hewn altar of Beogh.
 17639 | Orc:2    | Offered knowledge of Conjure Ball Lightning by Vehumet.
 17839 | Orc:2    | Found Leykeligh's Book Boutique.
 17851 | Orc:2    | Found Wylinot's Distillery.
 18110 | Orc:2    | Noticed an orc warlord
 18342 | Orc:2    | Noticed Saint Roka
 18390 | Orc:2    | Found Vynocigo's Book Shoppe.
 18815 | Orc:2    | Killed Saint Roka
 18874 | Orc:2    | Reached XP level 15. HP: 70/75 MP: 33/33
 18995 | Orc:2    | Found a roughly hewn altar of Beogh.
 19063 | Orc:2    | Found Miggiut's Armour Shop.
 19207 | Orc:2    | Found a staircase to the Elven Halls.
 19454 | D:10     | Bought a book of Power for 585 gold pieces
 19460 | D:10     | Learned a level 5 spell: Iskenderun's Battlesphere
 19597 | Orc:2    | Bought a potion of heal wounds for 80 gold pieces
 19597 | Orc:2    | Bought 2 potions of curing for 96 gold pieces
 19597 | Orc:2    | Bought a potion of resistance for 160 gold pieces
 19747 | Snake:1  | Entered Level 1 of the Snake Pit
 19971 | D:10     | Bought 17 stones for 23 gold pieces
 19971 | D:10     | Bought 17 stones for 23 gold pieces
 19971 | D:10     | Bought 25 stones for 35 gold pieces
 20021 | D:10     | Bought 27 stones for 32 gold pieces
 20093 | D:8      | Bought 16 stones for 22 gold pieces
 20093 | D:8      | Bought 21 stones for 29 gold pieces
 20093 | D:8      | Bought a ration for 70 gold pieces
 20155 | D:7      | Offered knowledge of Irradiate by Vehumet.
 20843 | Snake:1  | HP: 2/75 [black mamba (19)]
 20862 | Snake:1  | HP: 3/75 [naga sharpshooter/arrow (16)]
 21396 | D:10     | Bought a book of Necromancy for 390 gold pieces
 21400 | D:10     | Learned a level 3 spell: Regeneration
 21720 | Snake:2  | Reached skill level 1 in Charms
 22110 | Snake:2  | Reached skill level 1 in Necromancy
 22369 | Snake:4  | Entered Level 4 of the Snake Pit
 23695 | Snake:4  | Reached skill level 10 in Conjurations
 24178 | Snake:4  | Found a stormy altar of Qazlal.
 24246 | Snake:4  | Offered knowledge of Bolt of Fire by Vehumet.
 24742 | Snake:4  | Noticed a nagaraja
 24744 | Snake:4  | Reached skill level 15 in Spellcasting
 24744 | Snake:4  | Reached XP level 16. HP: 80/80 MP: 29/36
 24962 | Snake:4  | Reached skill level 5 in Charms
 25184 | Snake:4  | Reached skill level 15 in Stealth
 25704 | Snake:4  | Got a serpentine rune of Zot
 26306 | Snake:1  | Offered knowledge of Freezing Cloud by Vehumet.
 26387 | Lair:2   | Learned a level 5 spell: Borgnjor's Vile Clutch
 26444 | Lair:2   | Found a staircase to the Swamp.
 26453 | Swamp:1  | Entered Level 1 of the Swamp
 27407 | Swamp:3  | Noticed a thorn hunter
 27410 | Swamp:3  | Killed a thorn hunter
 27711 | Swamp:3  | Noticed Roxanne
 27795 | Swamp:4  | Entered Level 4 of the Swamp
 27850 | Swamp:4  | Noticed a thorn hunter
 27859 | Swamp:4  | Killed a thorn hunter
 27905 | Swamp:4  | Reached XP level 17. HP: 84/84 MP: 38/38
 28161 | Swamp:4  | Offered knowledge of Bolt of Cold by Vehumet.
 28524 | Swamp:4  | Noticed a bone dragon
 28934 | Swamp:4  | Killed a bone dragon
 29227 | Swamp:4  | Reached skill level 15 in Earth Magic
 30384 | D:14     | Found a blossoming altar of Fedhas.
 30422 | D:14     | Reached skill level 5 in Necromancy
 30640 | D:14     | Offered knowledge of Fire Storm by Vehumet.
 30640 | D:14     | Offered knowledge of Glaciate by Vehumet.
 30640 | D:14     | Offered knowledge of Shatter by Vehumet.
 31167 | D:14     | Got a bone rapier {pierce}
 31185 | D:14     | Identified the +4 rapier "Amutt" {pierce, Int+6} (You took it off a human on level 14 of the Dungeon)
 31202 | D:14     | Found a gate to the Vaults.
 31312 | D:15     | Entered Level 15 of the Dungeon
 31683 | D:15     | Got a crude lead ring
 31688 | D:15     | Identified the ring of Hicac Xen {Fire rPois Str+4 Dex-2} (You found it on level 15 of the Dungeon)
 32017 | D:15     | Noticed Nessos
 32023 | D:15     | Killed Nessos
 32040 | D:15     | Found a burning altar of Makhleb.
 32086 | D:15     | Reached XP level 18. HP: 81/88 MP: 41/41
 32105 | D:15     | Noticed Azrael
 32115 | D:15     | Noticed Agnes
 32271 | D:15     | Found a shimmering altar of Xom.
 32283 | D:15     | Paralysed by a floating eye for 2 turns
 32449 | D:15     | Found a staircase to the Depths.
 32608 | D:15     | Killed Azrael
 32640 | D:15     | Got a wavering brass ring
 32642 | D:15     | Identified the ring "Osoraheg" {*Slow Int+6 Slay+6 Stlth+} (You found it on level 15 of the Dungeon)
 32824 | D:15     | Got a vibrating bronze ring
 32826 | D:15     | Identified the ring of Qefupot {+Blink +Fly} (You took it off an efreet on level 15 of the Dungeon)
 32934 | D:15     | Killed Agnes
 32966 | D:15     | Found a bloodstained altar of Trog.
 33315 | Vaults:1 | Entered Level 1 of the Vaults
 34824 | Vaults:1 | Reached XP level 19. HP: 73/92 MP: 16/43
 36900 | Vaults:3 | Learned a level 9 spell: Shatter
 36905 | Vaults:3 | Found Istunic's Assorted Antiques.
 36909 | Vaults:3 | Bought a scroll of teleportation for 96 gold pieces
 36909 | Vaults:3 | Bought a scroll of teleportation for 96 gold pieces
 36909 | Vaults:3 | Bought 2 potions of curing for 192 gold pieces
 37550 | Vaults:3 | Noticed Mara
 37551 | Vaults:3 | Noticed SaintRoka's illusion
 37558 | Vaults:3 | Noticed SaintRoka's illusion
 37627 | Vaults:3 | Found a staircase to the Crypt.
 38005 | Vaults:3 | Reached XP level 20. HP: 88/100 MP: 37/45
 38132 | Vaults:3 | Bought a scroll of immolation for 112 gold pieces
 38344 | Vaults:4 | Found Cahawex's Antique Weapon Shop.
 38980 | Vaults:4 | Found Poero's Jewellery Shoppe.
 39016 | Vaults:4 | Found Qusuod's Distillery.
 39034 | Vaults:4 | Found Keoqoz's General Store.
 39060 | Vaults:4 | Found Duacek's Distillery.
 39070 | Vaults:4 | Bought a potion of heal wounds for 70 gold pieces
 39460 | Vaults:4 | Bought a scroll of teleportation for 60 gold pieces
 39460 | Vaults:4 | Bought a scroll of fear for 70 gold pieces
 39711 | D:13     | Learned a level 6 spell: Deflect Missiles
 39959 | Vaults:4 | Learned a level 2 spell: Blink
 40378 | Elf:1    | Entered Level 1 of the Elven Halls
 40388 | Elf:1    | Reached skill level 1 in Air Magic
 41046 | Elf:2    | Found a large runed door.
 41046 | Elf:2    | Found a large runed door.
 41066 | Elf:2    | Reached skill level 10 in Charms
 41067 | Elf:2    | Found a large runed door.
 41067 | Elf:2    | Found a large runed door.
 41126 | Elf:2    | Found a deep blue altar of Sif Muna.
 41268 | Elf:2    | Found Veuxtuf's Book Shoppe.
 41637 | Elf:3    | Entered Level 3 of the Elven Halls
 41705 | Elf:3    | Reached skill level 5 in Air Magic
 41853 | Elf:3    | Reached XP level 21. HP: 105/105 MP: 46/46
 41891 | Elf:3    | Noticed letownia3's ghost (adept DsWz)
 41933 | Elf:3    | Killed letownia3's ghost
 42049 | Elf:3    | Noticed Aizul
 42092 | Elf:3    | Killed Aizul
 42717 | Elf:3    | Got a dazzling mace {protect}
 42739 | Elf:3    | Got a shimmering pewter ring
 42740 | Elf:3    | Identified the ring of Yredelemnul's Whim {rPois Int+2 SInv} (You took it off a deep elf blademaster on level 3 of the Elven Halls)
 42793 | Elf:3    | Identified Zialis's Compendium of Clay and Translocation
 42801 | Elf:3    | Learned a level 4 spell: Passage of Golubria
 42801 | Elf:3    | Identified the Reference Book on the Entourage
 42814 | Elf:3    | Learned a level 3 spell: Ozocubu's Armour
 43135 | Orc:2    | Bought a book of Cantrips for 200 gold pieces
 43137 | Orc:2    | Learned a level 1 spell: Apportation
 43472 | Swamp:1  | Paralysed by a hornet for 1 turns
 43760 | Swamp:4  | Got a decaying rune of Zot
 44234 | D:13     | Learned a level 1 spell: Summon Butterflies
 44432 | Slime:1  | Entered Level 1 of the Pits of Slime
 44599 | Slime:1  | Gained mutation: You do not regenerate when monsters are visible. [a shining eye]
 44600 | Slime:1  | Gained mutation: Armour fits poorly on your strangely shaped body. [a shining eye]
 44822 | Slime:2  | Gained mutation: You tend to lose your temper in combat. [a shining eye]
 45162 | D:15     | Lost mutation: You tend to lose your temper in combat. [potion of mutation]
 45162 | D:15     | Lost mutation: Armour fits poorly on your strangely shaped body. [potion of mutation]
 45162 | D:15     | Gained mutation: You have sharp fingernails. [potion of mutation]
 45162 | D:15     | Gained mutation: Your spells are a little easier to cast, but a little less powerful. [potion of mutation]
 45289 | Vaults:3 | Killed Mara
 45298 | Vaults:3 | Bought a potion of mutation for 256 gold pieces
 45298 | Vaults:3 | Lost mutation: You do not regenerate when monsters are visible. [potion of mutation]
 45298 | Vaults:3 | Lost mutation: Your spells are a little easier to cast, but a little less powerful. [potion of mutation]
 45298 | Vaults:3 | Lost mutation: You have sharp fingernails. [potion of mutation]
 45298 | Vaults:3 | Gained mutation: You tend to lose your temper in combat. [potion of mutation]
 45298 | Vaults:3 | Gained mutation: You are resistant to hostile enchantments. (MR+) [potion of mutation]
 45500 | Depths:1 | Entered Level 1 of the Depths
 45536 | Depths:1 | Found a gateway to Hell.
 45778 | Depths:1 | Found a one-way gate leading to the halls of Pandemonium.
 46018 | Depths:1 | Found Yzigagot's Jewellery Shoppe.
 46019 | Depths:1 | Found Mual's Gadget Shop.
 46021 | Depths:1 | Found Yhau's Jewellery Shoppe.
 46237 | Depths:1 | Found an iron altar of Okawaru.
 46371 | Depths:2 | Reached XP level 22. HP: 109/110 MP: 16/48
 46489 | Depths:2 | Reached skill level 1 in Translocations
 46952 | Depths:2 | Noticed a juggernaut
 46993 | Depths:2 | Killed a juggernaut
 47170 | Depths:2 | Got a fine trident
 47171 | Depths:2 | Identified the cursed +0 trident "Esiory" {chaos, rC+} (You found it on level 2 of the Depths)
 47340 | Depths:2 | Reached skill level 10 in Fighting
 47419 | Depths:2 | Found a one-way gate to the infinite horrors of the Abyss.
 48424 | D:10     | Bought a book of Annihilations for 1656 gold pieces
 48432 | D:10     | Learned a level 6 spell: Poison Arrow
 48724 | Depths:3 | Reached skill level 1 in Poison Magic
 48777 | Depths:3 | Found a gateway to a ziggurat.
 49379 | Depths:3 | Reached XP level 23. HP: 116/116 MP: 47/50
 49927 | Depths:4 | Reached skill level 5 in Poison Magic
 50661 | Depths:4 | Paralysed by a floating eye for 3 turns
 51007 | Depths:5 | Entered Level 5 of the Depths
 51068 | Depths:5 | Noticed a caustic shrike
 51070 | Depths:5 | Noticed a caustic shrike
 51071 | Depths:5 | Killed a caustic shrike
 51072 | Depths:5 | Noticed a caustic shrike
 51086 | Depths:4 | Killed a caustic shrike
 51490 | Depths:5 | Noticed Boris
 51498 | Depths:5 | Killed Boris
 51952 | Depths:5 | Found a gate to the Realm of Zot.
 52456 | Slime:2  | Gained mutation: You expend magic power (3 MP) to strengthen your wands. [a shining eye]
 52610 | Slime:3  | Noticed zhorgal's ghost (veteran GnNe)
 52689 | Slime:3  | Killed zhorgal's ghost
 52754 | Slime:5  | Entered Level 5 of the Pits of Slime
 52988 | Slime:5  | Found a viscous altar of Jiyva.
 53041 | Slime:5  | Reached XP level 24. HP: 68/121 MP: 51/51
 53596 | Slime:5  | Found the +2 cloak of the Thief {+Fog Slay-2 SInv Stlth+}
 53597 | Slime:5  | Found the +8 orange crystal plate armour {Archmagi, Int+3 Clar}
 53665 | Slime:5  | Noticed the Royal Jelly
 53703 | Slime:5  | Gained mutation: You are frail. (-10% HP) [a shining eye]
 54034 | Slime:4  | HP: 3/108 [acid (8)]
 54055 | Slime:4  | Demolished by an azure jelly

Skill      XL: |  1  2  3  4  5  6  7  8  9 10 11 12 13 14 15 16 17 18 19 20 21 22 23 |
---------------+----------------------------------------------------------------------+-----
Stealth        | 4 5 7 8 9 11 12 13 14 16 17 | 17.6
Earth Magic    | 3 5 6 7 8 9 11 12 13 14 15 17 19 20 21 23 | 23.6
Transmutations | 3 4 |  4.1
Dodging        | 5 8 10 12 14 15 16 | 16.6
Conjurations   | 1 3 5 6 8 10 | 10.0
Spellcasting   | 5 7 9 11 12 13 15 16 18 19 20 21 22 23 | 23.9
Fighting       | 3 6 7 8 9 10 | 10.3
Charms         | 4 8 11 13 | 13.0
Necromancy     | 2 3 6 |  6.4
Air Magic      | 5 7 |  7.1
Translocations | 4 |  4.0
Poison Magic   | 4 5 |  5.2

Action                   |  1- 3 |  4- 6 |  7- 9 | 10-12 | 13-15 | 16-18 | 19-21 | 22-24 || total
-------------------------+-------+-------+-------+-------+-------+-------+-------+-------++-------
Melee: Dagger            |    25 |    15 |    47 |    36 |    33 |       |     1 |       ||   157
       Flail             |       |       |     5 |       |       |       |       |       ||     5
       Staff             |       |       |       |     2 |    33 |     3 |     3 |     2 ||    43
Throw: Stone             |       |       |       |       |       |     1 |     1 |       ||     2
 Cast: Sandblast         |    55 |    16 |    72 |   140 |   278 |   221 |    15 |       ||   797
       Stone Arrow       |     2 |     8 |    44 |   346 |   619 |   742 |   574 |   195 ||  2530
       Lee's Rapid Decon |       |       |       |    31 |    67 |   152 |   322 |   308 ||   880
       Petrify           |       |       |       |     7 |    34 |     6 |    10 |    24 ||    81
       Iron Shot         |       |       |       |       |     6 |    69 |   102 |   132 ||   309
       Iskenderun's Batt |       |       |       |       |    44 |   158 |   128 |    65 ||   395
       Regeneration      |       |       |       |       |     4 |    24 |    23 |    20 ||    71
       Borgnjor's Vile C |       |       |       |       |       |       |     1 |     1 ||     2
       Deflect Missiles  |       |       |       |       |       |       |     2 |     2 ||     4
       Ozocubu's Armour  |       |       |       |       |       |       |     7 |     8 ||    15
       Summon Butterflie |       |       |       |       |       |       |     6 |     2 ||     8
       Apportation       |       |       |       |       |       |       |     1 |     4 ||     5
       Poison Arrow      |       |       |       |       |       |       |       |   131 ||   131
       Blink             |       |       |       |       |       |       |       |     7 ||     7
       Shatter           |       |       |       |       |       |       |       |     5 ||     5
Evoke: Wand              |       |       |     3 |    10 |     7 |     5 |     9 |     1 ||    35
  Use: Scroll            |     1 |       |    12 |    10 |    14 |     9 |    12 |     8 ||    66
       Potion            |       |     3 |     2 |       |     7 |     2 |     5 |     8 ||    27
 Stab: Sleeping          |     7 |     5 |    13 |    15 |       |       |       |       ||    40
       Invisible         |       |     2 |       |       |       |       |       |       ||     2
       Distracted        |       |       |     2 |     2 |       |       |       |       ||     4
       Petrified         |       |       |       |     7 |    29 |       |     1 |       ||    37
       Paralysed         |       |       |       |       |     4 |       |       |       ||     4
  Eat: Ration            |       |       |     3 |     7 |    11 |    10 |     9 |     8 ||    48
Armor: Robe              |     2 |       |     4 |     5 |    15 |    32 |    21 |    31 ||   110
Dodge: Dodged            |    52 |     9 |    81 |   163 |   420 |   342 |   331 |   291 ||  1689
       Deflected         |       |       |       |       |       |       |    20 |    45 ||    65
